 Dungeon Crawl Stone Soup version 0.28.0-43-g3370ac3207 (webtiles) character file.

Game seed: 12445431817841339039

782 Kaptain the Digger (level 7, -6/42 HPs)
             Began as a Gargoyle Earth Elementalist on Mar 15, 2022.
             Mangled by an orc warrior
             ... wielding a +2 trident of protection
              (14 damage)
             ... on level 5 of the Dungeon.
             The game lasted 00:11:00 (5336 turns).

Kaptain the Digger (Gargoyle Earth Elementalist)    Turns: 5336, Time: 00:11:00

Health: -6/42      AC:  8    Str: 12    XL:     7   Next: 86%
Magic:  1/21       EV: 11    Int: 17    God:
Gold:   200        SH:  0    Dex: 10    Spells: 9/13 levels left

rFire   . . .      SeeInvis .   h - staff of earth
rCold   . . .      Faith    .   (no shield)
rNeg    + . .      Spirit   .   n - +0 leather armour
rPois   ∞          Reflect  .   (no helmet)
rElec   +          Harm     .   (no cloak)
rCorr   .          Rampage  .   (no gloves)
Will    .....                   (no boots)
Stlth   ++........              (no amulet)
HPRegen 0.14/turn               f - ring of magical power
MPRegen 0.17/turn               (no ring)

@: no status effects
A: sickness immunity, AC +4, negative energy resistance 1, electricity
resistance, torment resistance 1, petrification resistance
a: no special abilities


You were on level 5 of the Dungeon.
You visited 2 branches of the dungeon, and saw 6 of its levels.

You collected 200 gold pieces.

Inventory:

Hand Weapons
 j - a +0 hunting sling
 m - a +2 dagger of flaming
 p - a +4 dagger
 q - a +0 trident
Missiles
 b - 107 stones
 k - 6 poisoned darts
 o - 46 sling bullets
Armour
 n - a +0 leather armour (worn)
Magical Staves
 h - a staff of earth (weapon)
Jewellery
 f - a ring of magical power (left hand)
Wands
 w - a wand of flame (10)
Scrolls
 a - a scroll of amnesia {unknown}
 d - 5 scrolls of identify {unknown}
 e - a scroll of magic mapping {unknown}
 g - 2 scrolls of summoning {unknown}
 s - a scroll of teleportation {unknown}
 t - a scroll of blinking {unknown}
 u - 2 scrolls of torment {unknown}
 v - 2 scrolls of vulnerability {unknown}
Potions
 c - a potion of cancellation {unknown}
 i - a potion of brilliance {unknown}
 l - a potion of curing
 r - a potion of resistance {unknown}


   Skills:
 * Level 3.8 Fighting
 + Level 2.6 Armour
 - Level 2.0 Dodging
 - Level 3.0 Stealth
 * Level 3.8 Spellcasting
 * Level 4.0 Conjurations
 - Level 0.7 Transmutations
 * Level 5.9 Earth Magic


You had 9 spell levels left.
You knew the following spells:

 Your Spells              Type           Power      Damage    Failure   Level
a - Sandblast             Erth           70%        2d15      1%          1
b - Stone Arrow           Conj/Erth      60%        3d10      8%          3

Your spell library contained the following spells:

 Spells                   Type           Power      Damage    Failure   Level
 Passwall                 Tmut/Erth      18%        N/A       8%          2
 Animate Skeleton         Necr           6%         N/A       21%         1
 Apportation              Tloc           6%         N/A       21%         1
 Summon Small Mammal      Summ           12%        N/A       21%         1
 Petrify                  Tmut/Erth      22%        N/A       45%         4
 Call Canine Familiar     Summ           3%         N/A       52%         3
 Summon Guardian Golem    Hex/Summ       3%         N/A       52%         3
 Freezing Cloud           Conj/Ice/Air   3%         6-21      97%         5
 Alistair's Intoxication  Tmut/Pois      2%         N/A       99%         5
 Simulacrum               Ice/Necr       1%         N/A       100%        6
 Polar Vortex             Ice            1%         N/A       100%        9


Dungeon Overview and Level Annotations

Branches:
Dungeon (5/15)             Temple (1/1) D:5

Altars:
Ashenzari
Cheibriados
Dithmenos
Elyvilon
Fedhas
Gozag
Hepliaklqana
Makhleb
Nemelex Xobeh
Okawaru
Qazlal
Ru
Sif Muna
Trog
Uskayaw
Vehumet
Wu Jian
Xom
Yredelemnul
Zin
The Shining One

Shops:
D:3 =

Annotations:
D:4 1 runed translucent door, Zakn4fein's ghost, amateur GrFi


Innate Abilities, Weirdness & Mutations

You are immune to sickness and miasma.
Your stone body is resilient. (AC +4)
You are immune to poison.
You resist negative energy. (rN+)
You are resistant to electric shocks. (rElec)
You are resistant to unholy torment.
You are immune to petrification.


Message History

The stone arrow hits the orc warrior but does no damage.
The orc warrior is heavily wounded.
Casting: Stone Arrow (dangerous; 8% risk of failure)
Confirm with . or Enter, or press ? or * to list all spells.
Aiming: Stone Arrow (dangerous; 8% risk of failure)
Press: ? - help, Shift-Dir - straight line, f/p - orc warrior
Aim: an orc warrior, wielding a +2 trident of protection and wearing a +0 plate armour (heavily wounded, 74% to hit)
You feel a surge of power!
The stone arrow hits the orc warrior.
The orc warrior is heavily wounded.
The orc warrior hits you from afar with a +2 trident of protection!
Casting: Stone Arrow (dangerous; 8% risk of failure)
Confirm with . or Enter, or press ? or * to list all spells.
Aiming: Stone Arrow (dangerous; 8% risk of failure)
Press: ? - help, Shift-Dir - straight line, f/p - orc warrior
Aim: an orc warrior, wielding a +2 trident of protection and wearing a +0 plate armour (heavily wounded, 74% to hit)
You feel a surge of power!
The stone arrow misses the orc wizard.
The stone arrow hits the orc warrior!
The orc warrior is severely wounded.
The orc wizard hits you but does no damage.
The orc warrior hits you from afar with a +2 trident of protection.
Casting: Stone Arrow (dangerous; 8% risk of failure)
Confirm with . or Enter, or press ? or * to list all spells.
Aiming: Sandblast (safe; 1% risk of failure)
Press: ? - help, Shift-Dir - straight line, f/p - orc warrior
Aim: an orc warrior, wielding a +2 trident of protection and wearing a +0 plate armour (severely wounded, 82% to hit)
You feel a surge of power!
The blast of sand hits the orc wizard!
You kill the orc wizard!
The orc warrior hits you but does no damage.
The orc warrior completely misses you.
Things that are here:
a +0 dagger; a +0 robe; an orc corpse You hit the orc warrior.
The orc warrior is almost dead.
The orc warrior hits you with a +2 trident of protection!
* * * LOW HITPOINT WARNING * * *
Unknown command.
You closely miss the orc warrior.
The orc warrior is almost dead.
The orc warrior hits you with a +2 trident of protection!
You die...

#######################
......................#
.....#@#############.#
.......o..# #.#
.......##.# #.##
.#...). .# #..# #$##..
# ##.# # #.. #.. #..
##. #.# #. ##


You could see an orc warrior.

Vanquished Creatures
  An ice beast (D:5)
  A centaur (D:4)
  A scorpion (D:5)
  A water moccasin zombie (D:5)
  2 orc priests
  A jelly (D:5)
  2 bullfrog skeletons (D:5)
  5 orc wizards
  A hound skeleton (D:4)
  3 gnolls (D:5)
  4 adders
  A shadow imp (D:3)
  An ufetubus (D:5)
  3 worms
  4 dart slugs
  9 orcs
  10 ball pythons
  9 endoplasms
  5 giant cockroaches
  4 goblins
  7 hobgoblins
  6 jackals
  6 quokkas
  10 bats
  15 frilled lizards
  11 kobolds
  4 rats
127 creatures vanquished.

Notes
Turn   | Place    | Note
-------+----------+-------------------------------------------
     0 | D:1      | Kaptain the Gargoyle Earth Elementalist began the quest for
                  | the Orb.
     0 | D:1      | Reached XP level 1. HP: 10/10 MP: 3/3
   257 | D:1      | Reached XP level 2. HP: 16/16 MP: 5/5
   325 | D:1      | Found a faded altar of an unknown god.
   581 | D:1      | Reached skill level 4 in Earth Magic
   848 | D:1      | Reached XP level 3. HP: 20/20 MP: 6/6
  1002 | D:1      | Reached skill level 1 in Conjurations
  1185 | D:1      | Learned a level 3 spell: Stone Arrow
  1414 | D:2      | Reached XP level 4. HP: 9/24 MP: 7/7
  1622 | D:2      | Reached skill level 1 in Fighting
  1622 | D:2      | Reached skill level 1 in Armour
  2619 | D:3      | Reached XP level 5. HP: 29/29 MP: 8/8
  2653 | D:3      | Found Ulaacupp's Jewellery Shop.
  2803 | D:3      | Found a burning altar of Makhleb.
  2818 | D:3      | Found a sacrificial altar of Ru.
  3220 | D:3      | Reached XP level 6. HP: 27/35 MP: 10/10
  3408 | D:4      | Reached skill level 5 in Earth Magic
  3971 | D:4      | Found a runed translucent door.
  4166 | D:4      | Noticed Zakn4fein's ghost (amateur GrFi)
  4179 | D:4      | Found a runed translucent door.
  4256 | D:5      | Entered Level 5 of the Dungeon
  4310 | D:5      | Found a staircase to the Ecumenical Temple.
  4319 | Temple   | Entered the Ecumenical Temple
  4601 | D:5      | Reached XP level 7. HP: 40/40 MP: 11/11
  5336 | D:5      | Mangled by an orc warrior

Illustrated notes

Levels and vault maps discovered:
D:1:      dpeg_cavernosity, layout_loops_ring,
          shapermc_ecumenical_altar_totnotflames, minmay_lizard_pond
D:2:      layout_basic
D:3:      layout_basic, nicolae_overflow_squiral, serial_shops,
          nicolae_shop_hallway_plus, grunt_decor_one_mirror,
          grunt_decor_mini_mirrors
D:4:      layout_basic, ebering_ghost_sewer_f
D:5:      layout_basic, minmay_temple_entry_statues_fountains,
          serial_bayou_lake_a
Temple:   mainiacjoe_temple_bowtie_tessellation

Skill      XL: |  1  2  3  4  5  6  7 |
---------------+----------------------+-----
Earth Magic    | 4 5 |  5.9
Conjurations   | 1 2 3 4 |  4.0
Fighting       | 1 2 3 |  3.8
Armour         | 1 2 |  2.6
Dodging        | 2 |  2.0
Stealth        | 3 |  3.0
Spellcasting   | 3 |  3.8
Transmutations | |  0.7

Action                   |  1- 3 |  4- 6 |  7- 9 || total
-------------------------+-------+-------+-------++-------
Melee: Staff             |    41 |    51 |    11 ||   103
       Punch             |     1 |       |       ||     1
 Cast: Sandblast         |    49 |    72 |    18 ||   139
       Stone Arrow       |       |    19 |    19 ||    38
  Use: Potion            |       |       |     1 ||     1
 Stab: Sleeping          |       |     1 |       ||     1
Armor: Robe              |    17 |    21 |       ||    38
       Leather armour    |       |    12 |     8 ||    20
Dodge: Dodged            |    28 |    59 |    17 ||   104
